 Dungeon Crawl Stone Soup version 0.21.1-1-g345015fe64 (webtiles) character file.

9291 Lusmu the Arsonist (level 11, -2/89 HPs)
             Began as a Yellow Draconian Fire Elementalist on Apr 9, 2018.
             Was a Believer of Vehumet.
             Slain by a two-headed ogre
             ... wielding a +0 giant spiked club
              (18 damage)
             ... on level 10 of the Dungeon.
             The game lasted 01:35:27 (16380 turns).

Lusmu the Arsonist (DrFE)                          Turns: 16380, Time: 01:35:28

Health: -2/89      AC: 10    Str: 16    XL:     11   Next: 21%
Magic:  8/20       EV: 14    Int: 22    God:    Vehumet [**....]
Gold:   408        SH:  5    Dex: 14    Spells: 13/22 levels left

rFire    . . .     SeeInvis .   p - +3 dagger (flame)
rCold    . . .     Gourm    .   L - +0 buckler
rNeg     . . .     Faith    +   (armour unavailable)
rPois    .         Spirit   .   (helmet restricted)
rElec    .         Reflect  .   M - +2 cloak
rCorr    +         Harm     .   (no gloves)
MR       .....                  (no boots)
Stlth    ++........             f - amulet of faith
HPRegen  0.24/turn              K - +6 ring of strength
MPRegen  0.17/turn              N - +5 ring of intelligence

@: no status effects
A: spit acid, acid resistance, unfitting armour, cold-blooded, AC +7
a: Breathe Acid, Renounce Religion


You were on level 10 of the Dungeon.
You worshipped Vehumet.
Vehumet was pleased with you.
You were not hungry.

You visited 2 branches of the dungeon, and saw 11 of its levels.
You also visited: Sewer.

You collected 450 gold pieces.
You spent 42 gold pieces at shops.

Inventory:

Hand Weapons
 p - a +3 dagger of flaming (weapon)
Missiles
 o - 58 bolts
 s - 9 tomahawks (quivered)
 x - 26 poisoned needles
Armour
 L - a +0 buckler (worn)
 M - a +2 cloak (worn)
Jewellery
 f - an amulet of faith (around neck)
 k - an uncursed ring of stealth
 r - a +2 ring of dexterity
 K - a +6 ring of strength (left hand)
 N - a +5 ring of intelligence (right hand)
Wands
 n - a wand of random effects (28)
 t - a wand of digging (37)
 w - a wand of acid (8)
 G - a wand of flame (49)
Scrolls
 d - 3 scrolls of remove curse
 e - a scroll of noise {unknown}
 q - 2 scrolls of identify
 v - 3 scrolls of enchant weapon
 y - 4 scrolls of blinking
 z - 6 scrolls of teleportation
 A - 2 scrolls of magic mapping
 E - a scroll of fog
Potions
 c - a potion of flight
 g - 4 potions of cancellation
 h - 2 potions of agility
 j - 4 potions of curing
 m - 2 potions of brilliance
 u - a potion of might
 B - a potion of resistance
 C - 2 potions of magic
 D - a potion of heal wounds {unknown}
 F - a potion of haste
 H - 2 potions of berserk rage {unknown}
 P - 2 potions of lignification {unknown}
Books
 a - a book of Flames

   Spells                             Type                      Level
   a - Flame Tongue                   Conjuration/Fire             1
   b - Throw Flame                    Conjuration/Fire             2
   c - Conjure Flame                  Conjuration/Fire             3
   d - Inner Flame                    Hexes/Fire                   3
   e - Sticky Flame                   Conjuration/Fire             4
   f - Fireball                       Conjuration/Fire             5
 i - a book of Conjurations

   Spells                             Type                      Level
   a - Magic Dart                     Conjuration                  1
   b - Searing Ray                    Conjuration                  2
   c - Dazzling Spray                 Conjuration/Hexes            3
   d - Fulminant Prism                Conjuration/Hexes            4
   e - Force Lance                    Conjuration/Translocation    4
   f - Iskenderun's Mystic Blast      Conjuration                  4
Comestibles
 b - 15 rations
 l - 2 chunks of flesh


   Skills:
 - Level 6.0 Fighting
 + Level 4.0 Dodging
 - Level 1.7 Stealth
 - Level 4.2 Shields
 * Level 6.0 Spellcasting
 - Level 10.1 Conjurations
 - Level 10.5 Fire Magic


You had 13 spell levels left.
You knew the following spells:

 Your Spells              Type           Power        Failure   Level  Hunger
a - Flame Tongue          Conj/Fire      #####        1%          1    None
b - Conjure Flame         Conj/Fire      ######..     1%          3    #......
c - Fireball              Conj/Fire      ######....   3%          5    #####..


Dungeon Overview and Level Annotations

Branches:
Dungeon (10/15)            Temple (1/1) D:7
   Lair: D:8-11         Orc: D:9-12

Altars:
Ashenzari
Cheibriados
Dithmenos
Elyvilon
Fedhas
Gozag
Hepliaklqana
Kikubaaqudgha
Makhleb
Nemelex Xobeh
Okawaru
Qazlal
Ru
Sif Muna
Trog
Uskayaw
Vehumet
Wu Jian
Xom
Yredelemnul
Zin
The Shining One

Shops:
D:8 %   D:9 **[(*   D:10 (

Annotations:
D:9 Bal's ghost, journeyman DsGl


Innate Abilities, Weirdness & Mutations

You can spit globs of acid.
You are resistant to acid.
Your golden yellow scales are hard. (AC +7)
You cannot fit into any form of body armour.
You are cold-blooded and may be slowed by cold attacks.


Message History

The two-headed ogre is heavily wounded.
Casting: Flame Tongue
Confirm with . or Enter, or press ? or * to list all spells.
Aiming: Flame Tongue
Press: ? - help, Shift-Dir - straight line, f/p - two-headed ogre
Aim: a two-headed ogre, wielding a giant spiked club and a giant club (heavily wounded)
The flame tongue hits the two-headed ogre.
The two-headed ogre is severely wounded.
The two-headed ogre hits you with a giant spiked club!!
The two-headed ogre closely misses you.
Casting: Flame Tongue
Confirm with . or Enter, or press ? or * to list all spells.
Aiming: Flame Tongue
Press: ? - help, Shift-Dir - straight line, f/p - two-headed ogre
Aim: a two-headed ogre, wielding a giant spiked club and a giant club (severely wounded)
The flame tongue misses the two-headed ogre.
The two-headed ogre hits you with a giant spiked club!!
* * * LOW HITPOINT WARNING * * *
The two-headed ogre hits you with a giant club!!
You die...

...#
#..#...#....#
####
######^^^#....#
.... #...#....#
.....#<.<#....#
.....#####....#
.........#....#
.........#...)#
.........#....#
......O@......#
..............#
###############


You could see a two-headed ogre.

Vanquished Creatures
  4 two-headed ogres
  Pikel (D:9)
  Maurice (D:9)
  Joseph (D:10)
  A gargoyle (D:8)
  A merfolk (D:9)
  A hippogriff (D:7)
  A wraith (D:10)
  2 wyverns (D:9)
  A hungry ghost (D:7)
  A water moccasin (D:8)
  3 ice beasts
  A slave (D:9)
  A black bear (D:9)
  An orc warrior (D:7)
  An eye of draining (D:10)
  2 sky beasts
  A necrophage (D:7)
  A phantom (D:10)
  5 ogres
  2 centaurs
  7 bullfrogs
  A big kobold (D:9)
  A gnoll sergeant (D:9)
  A wyvern skeleton (D:9)
  6 scorpions
  7 killer bees
  An oklob sapling (D:7)
  3 wights
  A howler monkey (D:10)
  2 hounds
  6 orc priests
  2 bullfrog skeletons (D:5)
  A jelly (D:6)
  11 orc wizards
  Crazy Yiuf (D:4)
  A centaur skeleton (D:8)
  5 iguanas
  7 worker ants
  A hound zombie (D:9)
  7 gnolls
  5 river rats (Sewer)
  16 adders
  3 oozes
  An adder zombie (D:6)
  An adder skeleton (D:7)
  4 worms
  A dart slug (D:1)
  6 leopard geckos
  25 orcs
  4 giant cockroaches
  5 goblins
  11 hobgoblins
  11 jackals
  8 quokkas
  14 ball pythons
  4 bats
  15 frilled lizards
  A jackal skeleton (D:5)
  A jackal zombie (D:5)
  8 kobolds
  A leopard gecko skeleton (D:6)
  A quokka skeleton (D:5)
  28 rats
  2 plants (D:7)
281 creatures vanquished.

Vanquished Creatures (others)
  3 slaves (D:9)
  A shadow imp (D:9)
  2 orcs (D:9)
6 creatures vanquished.

Grand Total: 287 creatures vanquished

Notes
Turn   | Place    | Note
-------+----------+-------------------------------------------
     0 | D:1      | Lusmu the Draconian Fire Elementalist began the quest for the Orb.
     0 | D:1      | Reached XP level 1. HP: 14/14 MP: 3/3
   116 | D:1      | Reached XP level 2. HP: 15/20 MP: 1/5
  1020 | D:1      | Reached XP level 3. HP: 23/26 MP: 6/6
  1458 | D:2      | Found an ornate altar of the Wu Jian Council.
  2293 | D:2      | Found a shimmering altar of Xom.
  2360 | D:2      | Reached XP level 4. HP: 32/33 MP: 1/7
  3009 | D:2      | Found a hazy altar of Hepliaklqana.
  3010 | D:2      | Found a white marble altar of Elyvilon.
  3010 | D:2      | Found a glowing golden altar of the Shining One.
  3012 | D:2      | Found a sacrificial altar of Ru.
  3443 | D:3      | HP: 1/33 [orc wizard/puff of frost (4)]
  4007 | D:3      | Reached XP level 5. HP: 38/38 MP: 6/8
  4080 | D:3      | Found an iron altar of Okawaru.
  4336 | D:2      | Reached skill level 5 in Fire Magic
  4963 | D:4      | Found a runed door.
  5028 | D:4      | Reached XP level 6. HP: 43/45 MP: 5/9
  5171 | D:4      | Learned a level 3 spell: Conjure Flame
  5537 | D:4      | HP: 2/45 [hound (4)]
  5851 | D:4      | Reached skill level 5 in Conjurations
  5996 | D:4      | Your scales start taking on a golden yellow colour.
  5996 | D:4      | Reached XP level 7. HP: 50/50 MP: 5/10
  6160 | D:4      | Found a deep blue altar of Sif Muna.
  6304 | D:4      | Found an opulent altar of Gozag.
  6377 | D:4      | Found a blossoming altar of Fedhas.
  6492 | D:4      | Noticed Crazy Yiuf
  6494 | D:4      | Killed Crazy Yiuf
  6544 | D:5      | Entered Level 5 of the Dungeon
  6544 | D:5      | Found a glowing drain.
  6762 | Sewer    | Entered a sewer
  7119 | Sewer    | Reached XP level 8. HP: 57/57 MP: 8/11
  8801 | D:6      | Reached skill level 1 in Shields
  9194 | D:7      | Noticed a hippogriff
  9426 | D:7      | Found a burning altar of Makhleb.
  9511 | D:7      | Found a snail-covered altar of Cheibriados.
  9704 | D:7      | Found a staircase to the Ecumenical Temple.
  9716 | D:7      | Found a glowing silver altar of Zin.
 10028 | D:7      | Killed a hippogriff
 10028 | D:7      | Reached XP level 9. HP: 62/62 MP: 9/12
 10054 | D:7      | Found an ancient bone altar of Kikubaaqudgha.
 10450 | Temple   | Entered the Ecumenical Temple
 10480 | Temple   | Became a worshipper of Vehumet
 10777 | D:7      | Learned a level 5 spell: Fireball
 10787 | D:8      | Noticed a two-headed ogre
 10811 | D:8      | Killed a two-headed ogre
 11116 | D:8      | Noticed a gargoyle
 11306 | D:8      | Killed a gargoyle
 11306 | D:8      | Reached skill level 10 in Fire Magic
 11403 | D:8      | Reached * piety under Vehumet
 11403 | D:8      | Offered knowledge of Freeze by Vehumet.
 11403 | D:8      | Reached skill level 10 in Conjurations
 11614 | D:8      | Found Tuafus's Food Shoppe.
 11692 | D:8      | Reached XP level 10. HP: 53/69 MP: 11/13
 12047 | D:9      | Found Guehua's Assorted Antiques.
 12047 | D:9      | Noticed Pikel
 12055 | D:9      | Killed Pikel
 12055 | D:9      | Reached skill level 1 in Fighting
 12136 | D:9      | Bought a scroll labeled TAMYKK TOHURUBON for 21 gold pieces
 12136 | D:9      | Bought a scroll labeled LEUNGU JOTROYS for 21 gold pieces
 12149 | D:9      | Found Epay's Weapon Emporium.
 12228 | D:9      | Found Tyipna's Assorted Antiques.
 12447 | D:9      | Found Qalustrawk's Assorted Antiques.
 12480 | D:9      | Found Cuaseon's Armour Shoppe.
 12496 | D:9      | Noticed Bal's ghost (journeyman DsGl)
 12966 | D:9      | Noticed a two-headed ogre
 12968 | D:9      | Noticed Maurice
 13123 | D:8      | Killed a two-headed ogre
 13529 | D:9      | Killed Maurice
 14127 | D:9      | Offered knowledge of Sandblast by Vehumet.
 14263 | D:9      | Reached ** piety under Vehumet
 14538 | D:9      | Noticed a two-headed ogre
 14540 | D:9      | Noticed a two-headed ogre
 14780 | D:9      | Killed a two-headed ogre
 14780 | D:9      | Reached skill level 5 in Fighting
 14860 | D:9      | Reached skill level 5 in Spellcasting
 15012 | D:9      | Killed a two-headed ogre
 15012 | D:9      | Reached XP level 11. HP: 88/88 MP: 10/19
 15125 | D:10     | Entered Level 10 of the Dungeon
 15258 | D:10     | Noticed Joseph
 15272 | D:10     | Killed Joseph
 15800 | D:10     | Found Cearumor's Weapon Shop.
 16366 | D:10     | Noticed a two-headed ogre
 16380 | D:10     | Slain by a two-headed ogre

Skill      XL: |  1  2  3  4  5  6  7  8  9 10 11 |
---------------+----------------------------------+-----
Conjurations   | 2 3 4 5 6 8 10 | 10.1
Fire Magic     | 4 5 6 7 8 10 | 10.5
Shields        | 2 4 |  4.2
Fighting       | 5 6 |  6.0
Spellcasting   | 5 6 |  6.0
Dodging        | 3 4 |  4.0
Stealth        | |  1.7

Action                   |  1- 3 |  4- 6 |  7- 9 | 10-12 || total
-------------------------+-------+-------+-------+-------++-------
Melee: Unarmed           |    25 |       |       |       ||    25
       Tailslap          |     8 |     8 |    47 |    22 ||    85
       Club              |    24 |       |       |       ||    24
       Short sword       |    73 |    25 |       |       ||    98
       Flail             |       |    32 |    39 |       ||    71
       Dagger            |       |       |   170 |   163 ||   333
Throw: Tomahawk          |       |       |     1 |       ||     1
 Cast: Flame Tongue      |    41 |    76 |   204 |   163 ||   484
       Conjure Flame     |       |       |     1 |       ||     1
       Fireball          |       |       |     3 |     9 ||    12
 Abil: Breathe Acid      |       |       |     3 |     4 ||     7
Evoke: Wand              |       |    10 |    14 |    18 ||    42
  Use: Scroll            |       |     5 |     9 |     4 ||    18
       Potion            |       |     2 |     4 |     1 ||     7
 Stab: Sleeping          |     2 |     3 |       |     1 ||     6
       Paralysed         |       |       |     2 |       ||     2
  Eat: Chunk             |     5 |    10 |    15 |    15 ||    45
       Ration            |       |     1 |     3 |     1 ||     5
Armor: Skin              |    29 |    20 |    70 |    65 ||   184
Dodge: Dodged            |   105 |    72 |   121 |   152 ||   450
Block: Buckler           |       |       |    18 |    60 ||    78
